Workbook

Sheet Pedidos
A1: Data | B1: Número | C1: Cliente | D1: Item | E1: Quantidade | F1: Preço Venda

Sheet Análise Venda
E1: =SUM(E3:E30) -> 1072.5068 | G1: =SUM(G3:G30) -> 2040.5 | H1: =AVERAGE(H3:H30) -> 2.0468732
A2: Categoria | B2: Item | C2: Preço Médio | D2: Quantidade | E2: Saldo Estoque | F2: Preço Venda | G2: Venda Total | H2: Markup
A3: Petiscos | B3: Salamitos Sadia 36G | C3: =VLOOKUP(B3,Compras!B:E,4,FALSE) -> 2 | D3: =VLOOKUP(B3,Compras!B:H,6,FALSE) -> 8 | E3: =D3*C3 -> 16 | F3: =VLOOKUP(B3,Pricing!B:G,6,FALSE) -> 5 | G3: =F3*D3 -> 40 | H3: =F3/C3 -> 2.5
A4: Petiscos | B4: Salgadinho Torcida Queijo 70G | C4: =VLOOKUP(B4,Compras!B:E,4,FALSE) -> 1.375 | D4: =VLOOKUP(B4,Compras!B:H,6,FALSE) -> 20 | E4: =D4*C4 -> 27.5 | F4: =VLOOKUP(B4,Pricing!B:G,6,FALSE) -> 3.25 | G4: =F4*D4 -> 65 | H4: =F4/C4 -> 2.3636364
A5: Petiscos | B5: Salgadinho Torcida Cebola 70G | C5: =VLOOKUP(B5,Compras!B:E,4,FALSE) -> 1.375 | D5: =VLOOKUP(B5,Compras!B:H,6,FALSE) -> 20 | E5: =D5*C5 -> 27.5 | F5: =VLOOKUP(B5,Pricing!B:G,6,FALSE) -> 3.25 | G5: =F5*D5 -> 65 | H5: =F5/C5 -> 2.3636364
A6: Petiscos | B6: Salgadinho Torcida Bacon 70G | C6: =VLOOKUP(B6,Compras!B:E,4,FALSE) -> 1.375 | D6: =VLOOKUP(B6,Compras!B:H,6,FALSE) -> 20 | E6: =D6*C6 -> 27.5 | F6: =VLOOKUP(B6,Pricing!B:G,6,FALSE) -> 3.25 | G6: =F6*D6 -> 65 | H6: =F6/C6 -> 2.3636364
A7: Petiscos | B7: Salgadinho Torcida Calabresa 70G | C7: =VLOOKUP(B7,Compras!B:E,4,FALSE) -> 1.375 | D7: =VLOOKUP(B7,Compras!B:H,6,FALSE) -> 20 | E7: =D7*C7 -> 27.5 | F7: =VLOOKUP(B7,Pricing!B:G,6,FALSE) -> 3.25 | G7: =F7*D7 -> 65 | H7: =F7/C7 -> 2.3636364
A8: Cervejas | B8: Cerveja Heineken 350Ml | C8: =VLOOKUP(B8,Compras!B:E,4,FALSE) -> 3.4807133 | D8: =VLOOKUP(B8,Compras!B:H,6,FALSE) -> 30 | E8: =D8*C8 -> 104.4214 | F8: =VLOOKUP(B8,Pricing!B:G,6,FALSE) -> 4.5 | G8: =F8*D8 -> 135 | H8: =F8/C8 -> 1.2928384
A9: Cervejas | B9: Cerveja Stella Artois 350Ml | C9: =VLOOKUP(B9,Compras!B:E,4,FALSE) -> 2.8737 | D9: =VLOOKUP(B9,Compras!B:H,6,FALSE) -> 25 | E9: =D9*C9 -> 71.8425 | F9: =VLOOKUP(B9,Pricing!B:G,6,FALSE) -> 4.5 | G9: =F9*D9 -> 112.5 | H9: =F9/C9 -> 1.5659255
A10: Cervejas | B10: Cerveja Budweiser 473Ml | C10: =VLOOKUP(B10,Compras!B:E,4,FALSE) -> 2.4960333 | D10: =VLOOKUP(B10,Compras!B:H,6,FALSE) -> 30 | E10: =D10*C10 -> 74.881 | F10: =VLOOKUP(B10,Pricing!B:G,6,FALSE) -> 5 | G10: =F10*D10 -> 150 | H10: =F10/C10 -> 2.0031784
A11: Cervejas | B11: Cerveja Skol Puro Malte 473Ml | C11: =VLOOKUP(B11,Compras!B:E,4,FALSE) -> 3.0385 | D11: =VLOOKUP(B11,Compras!B:H,6,FALSE) -> 20 | E11: =D11*C11 -> 60.77 | F11: =VLOOKUP(B11,Pricing!B:G,6,FALSE) -> 4.5 | G11: =F11*D11 -> 90 | H11: =F11/C11 -> 1.4809939
A12: Cervejas | B12: Cerveja Antarctica 350Ml | C12: =VLOOKUP(B12,Compras!B:E,4,FALSE) -> 2.6574 | D12: =VLOOKUP(B12,Compras!B:H,6,FALSE) -> 36 | E12: =D12*C12 -> 95.6664 | F12: =VLOOKUP(B12,Pricing!B:G,6,FALSE) -> 4 | G12: =F12*D12 -> 144 | H12: =F12/C12 -> 1.5052307
A13: Petiscos | B13: Salame Hamburgues Seara 100G | C13: =VLOOKUP(B13,Compras!B:E,4,FALSE) -> 9.6064667 | D13: =VLOOKUP(B13,Compras!B:H,6,FALSE) -> 6 | E13: =D13*C13 -> 57.6388 | F13: =VLOOKUP(B13,Pricing!B:G,6,FALSE) -> 19 | G13: =F13*D13 -> 114 | H13: =F13/C13 -> 1.9778344
A14: Petiscos | B14: Azeitona verde Rivoli S Caroço | C14: =VLOOKUP(B14,Compras!B:E,4,FALSE) -> 4.53581 | D14: =VLOOKUP(B14,Compras!B:H,6,FALSE) -> 6 | E14: =D14*C14 -> 27.21486 | F14: =VLOOKUP(B14,Pricing!B:G,6,FALSE) -> 9.9 | G14: =F14*D14 -> 59.4 | H14: =F14/C14 -> 2.1826311
... A30: Energéticos | B30: Energético Fusion Garrafa 1l | C30: =VLOOKUP(B30,Compras!B:E,4,FALSE) -> 5.7062 | D30: =VLOOKUP(B30,Compras!B:H,6,FALSE) -> 6 | E30: =D30*C30 -> 34.2372 | F30: =VLOOKUP(B30,Pricing!B:G,6,FALSE) -> 11 | G30: =F30*D30 -> 66 | H30: =F30/C30 -> 1.9277277

Sheet Estoque
A1: Categoria | B1: Item | C1: Preço Médio | D1: Quantidade | E1: Saldo Estoque
A2: Petiscos | B2: Salamitos Sadia 36G | C2: =VLOOKUP(B2,Compras!B:E,4,FALSE) -> 2 | D2: =VLOOKUP(B2,Compras!B:H,6,FALSE) -> 8 | E2: =D2*C2 -> 16
A3: Petiscos | B3: Salgadinho Torcida Queijo 70G | C3: =VLOOKUP(B3,Compras!B:E,4,FALSE) -> 1.375 | D3: =VLOOKUP(B3,Compras!B:H,6,FALSE) -> 20 | E3: =D3*C3 -> 27.5
A4: Petiscos | B4: Salgadinho Torcida Cebola 70G | C4: =VLOOKUP(B4,Compras!B:E,4,FALSE) -> 1.375 | D4: =VLOOKUP(B4,Compras!B:H,6,FALSE) -> 20 | E4: =D4*C4 -> 27.5
A5: Petiscos | B5: Salgadinho Torcida Bacon 70G | C5: =VLOOKUP(B5,Compras!B:E,4,FALSE) -> 1.375 | D5: =VLOOKUP(B5,Compras!B:H,6,FALSE) -> 20 | E5: =D5*C5 -> 27.5
A6: Petiscos | B6: Salgadinho Torcida Calabresa 70G | C6: =VLOOKUP(B6,Compras!B:E,4,FALSE) -> 1.375 | D6: =VLOOKUP(B6,Compras!B:H,6,FALSE) -> 20 | E6: =D6*C6 -> 27.5
A7: Cervejas | B7: Cerveja Heineken 350Ml | C7: =VLOOKUP(B7,Compras!B:E,4,FALSE) -> 3.4807133 | D7: =VLOOKUP(B7,Compras!B:H,6,FALSE) -> 30 | E7: =D7*C7 -> 104.4214
A8: Cervejas | B8: Cerveja Stella Artois 350Ml | C8: =VLOOKUP(B8,Compras!B:E,4,FALSE) -> 2.8737 | D8: =VLOOKUP(B8,Compras!B:H,6,FALSE) -> 25 | E8: =D8*C8 -> 71.8425
A9: Cervejas | B9: Cerveja Budweiser 473Ml | C9: =VLOOKUP(B9,Compras!B:E,4,FALSE) -> 2.4960333 | D9: =VLOOKUP(B9,Compras!B:H,6,FALSE) -> 30 | E9: =D9*C9 -> 74.881
A10: Cervejas | B10: Cerveja Skol Puro Malte 473Ml | C10: =VLOOKUP(B10,Compras!B:E,4,FALSE) -> 3.0385 | D10: =VLOOKUP(B10,Compras!B:H,6,FALSE) -> 20 | E10: =D10*C10 -> 60.77
A11: Cervejas | B11: Cerveja Antarctica 350Ml | C11: =VLOOKUP(B11,Compras!B:E,4,FALSE) -> 2.6574 | D11: =VLOOKUP(B11,Compras!B:H,6,FALSE) -> 36 | E11: =D11*C11 -> 95.6664
A12: Petiscos | B12: Salame Hamburgues Seara 100G | C12: =VLOOKUP(B12,Compras!B:E,4,FALSE) -> 9.6064667 | D12: =VLOOKUP(B12,Compras!B:H,6,FALSE) -> 6 | E12: =D12*C12 -> 57.6388
A13: Petiscos | B13: Azeitona verde Rivoli S Caroço | C13: =VLOOKUP(B13,Compras!B:E,4,FALSE) -> 4.53581 | D13: =VLOOKUP(B13,Compras!B:H,6,FALSE) -> 6 | E13: =D13*C13 -> 27.21486
... A27: Embalagem | B27: Bolsa Reforçada | C27: =VLOOKUP(B27,Compras!B:E,4,FALSE) -> 15.5 | D27: =VLOOKUP(B27,Compras!B:H,6,FALSE) -> 2 | E27: =D27*C27 -> 31
A28: Refrigerantes | B28: Coca-Cola Garrafa 1,5L | C28: =VLOOKUP(B28,Compras!B:E,4,FALSE) -> 4.6041 | D28: 6 | E28: =D28*C28 -> 27.6246
A29: Refrigerantes | B29: Refrigerante Antarctica Guaraná 1,5L | C29: =VLOOKUP(B29,Compras!B:E,4,FALSE) -> 3.3784 | D29: 6 | E29: =D29*C29 -> 20.2704
A30: Refrigerantes | B30: Refrigerante Fanta Laranja 1,5L | C30: =VLOOKUP(B30,Compras!B:E,4,FALSE) -> 4.3672 | D30: 6 | E30: =D30*C30 -> 26.2032
A31: Refrigerantes | B31: Refrigerante Sprite Lemon Fresh 1,5L | C31: =VLOOKUP(B31,Compras!B:E,4,FALSE) -> 4.3157 | D31: 6 | E31: =D31*C31 -> 25.8942
A32: Energéticos | B32: Energético Fusion Garrafa 1l | C32: =VLOOKUP(B32,Compras!B:E,4,FALSE) -> 5.7062 | D32: 6 | E32: =D32*C32 -> 34.2372

Sheet Compras
G1: =SUM(G3:G32) -> 411 | H1: =SUM(H3:H32) -> 1112.1496
A2: Categoria | B2: Item | C2: Custo | D2: Fornecedor | E2: Taxa | F2: Data 1 | G2: Qtd | H2: Valor Estoque
A3: Petiscos | B3: Salamitos Sadia 36G | C3: 2 | D3: Mercadão | E3: =C3*(1+VLOOKUP(D3,'Taxas Serviços'!A:B,2,FALSE)) -> 2 | F3: 44550 | G3: 8 | H3: =G3*E3 -> 16
A4: Petiscos | B4: Salgadinho Torcida Queijo 70G | C4: 1.375 | D4: Mercadão | E4: =C4*(1+VLOOKUP(D4,'Taxas Serviços'!A:B,2,FALSE)) -> 1.375 | F4: 44550 | G4: 20 | H4: =G4*E4 -> 27.5
A5: Petiscos | B5: Salgadinho Torcida Cebola 70G | C5: 1.375 | D5: Mercadão | E5: =C5*(1+VLOOKUP(D5,'Taxas Serviços'!A:B,2,FALSE)) -> 1.375 | F5: 44550 | G5: 20 | H5: =G5*E5 -> 27.5
A6: Petiscos | B6: Salgadinho Torcida Bacon 70G | C6: 1.375 | D6: Mercadão | E6: =C6*(1+VLOOKUP(D6,'Taxas Serviços'!A:B,2,FALSE)) -> 1.375 | F6: 44550 | G6: 20 | H6: =G6*E6 -> 27.5
A7: Petiscos | B7: Salgadinho Torcida Calabresa 70G | C7: 1.375 | D7: Mercadão | E7: =C7*(1+VLOOKUP(D7,'Taxas Serviços'!A:B,2,FALSE)) -> 1.375 | F7: 44550 | G7: 20 | H7: =G7*E7 -> 27.5
A8: Cervejas | B8: Cerveja Heineken 350Ml | C8: 3.3793333 | D8: Big | E8: =C8*(1+VLOOKUP(D8,'Taxas Serviços'!A:B,2,FALSE)) -> 3.4807133 | F8: 44551 | G8: 30 | H8: =G8*E8 -> 104.4214
A9: Cervejas | B9: Cerveja Stella Artois 350Ml | C9: 2.79 | D9: Prezunic | E9: =C9*(1+VLOOKUP(D9,'Taxas Serviços'!A:B,2,FALSE)) -> 2.8737 | F9: 44551 | G9: 25 | H9: =G9*E9 -> 71.8425
A10: Cervejas | B10: Cerveja Budweiser 473Ml | C10: 2.4233333 | D10: Big | E10: =C10*(1+VLOOKUP(D10,'Taxas Serviços'!A:B,2,FALSE)) -> 2.4960333 | F10: 44551 | G10: 30 | H10: =G10*E10 -> 74.881
A11: Cervejas | B11: Cerveja Skol Puro Malte 473Ml | C11: 2.95 | D11: Big | E11: =C11*(1+VLOOKUP(D11,'Taxas Serviços'!A:B,2,FALSE)) -> 3.0385 | F11: 44551 | G11: 20 | H11: =G11*E11 -> 60.77
A12: Cervejas | B12: Cerveja Antarctica 350Ml | C12: 2.58 | D12: Big | E12: =C12*(1+VLOOKUP(D12,'Taxas Serviços'!A:B,2,FALSE)) -> 2.6574 | F12: 44551 | G12: 36 | H12: =G12*E12 -> 95.6664
A13: Petiscos | B13: Salame Hamburgues Seara 100G | C13: 9.3266667 | D13: Extra | E13: =C13*(1+VLOOKUP(D13,'Taxas Serviços'!A:B,2,FALSE)) -> 9.6064667 | F13: 44551 | G13: 6 | H13: =G13*E13 -> 57.6388
A14: Petiscos | B14: Azeitona verde Rivoli S Caroço | C14: 4.09 | D14: Assaí | E14: =C14*1.109 -> 4.53581 | F14: 44551 | G14: 6 | H14: =G14*E14 -> 27.21486
A15: Petiscos | B15: Salgadinho Fandangos Presunto 140G | C15: 5.3266667 | D15: Carrefour | E15: =C15*(1+VLOOKUP(D15,'Taxas Serviços'!A:B,2,FALSE))-0.03666667 -> 5.4498 | F15: 44551 | G15: 6 | H15: =G15*E15 -> 32.6988
A16: Petiscos | B16: Salgadinho Cheetos Onda Requeijão 140G | C16: 4.66 | D16: Carrefour | E16: =C16*(1+VLOOKUP(D16,'Taxas Serviços'!A:B,2,FALSE)) -> 4.7998 | F16: 44551 | G16: 6 | H16: =G16*E16 -> 28.7988
A17: Petiscos | B17: Salgadinho Doritos Queijo Nacho 140G | C17: 5.9933333 | D17: Carrefour | E17: =C17*(1+VLOOKUP(D17,'Taxas Serviços'!A:B,2,FALSE)) -> 6.1731333 | F17: 44551 | G17: 6 | H17: =G17*E17 -> 37.0388
A18: Petiscos | B18: Batata Ruffles Original 115G | C18: 4.9266667 | D18: Carrefour | E18: =C18*(1+VLOOKUP(D18,'Taxas Serviços'!A:B,2,FALSE)) -> 5.0744667 | F18: 44551 | G18: 6 | H18: =G18*E18 -> 30.4468
A19: Petiscos | B19: Batata Ruffles Churrasco 115G | C19: 4.9266667 | D19: Carrefour | E19: =C19*(1+VLOOKUP(D19,'Taxas Serviços'!A:B,2,FALSE)) -> 5.0744667 | F19: 44551 | G19: 3 | H19: =G19*E19 -> 15.2234
A20: Petiscos | B20: Salgadinho Fandangos Queijo 140G | C20: 5.3266667 | D20: Carrefour | E20: =C20*(1+VLOOKUP(D20,'Taxas Serviços'!A:B,2,FALSE)) -> 5.4864667 | F20: 44551 | G20: 6 | H20: =G20*E20 -> 32.9188
A21: Petiscos | B21: Batata Ruffles Salsa e Cebola 115G | C21: 4.9266667 | D21: Carrefour | E21: =C21*(1+VLOOKUP(D21,'Taxas Serviços'!A:B,2,FALSE)) -> 5.0744667 | F21: 44551 | G21: 6 | H21: =G21*E21 -> 30.4468
A22: Petiscos | B22: Torresmo Plok's 22G | C22: 1.3 | D22: Central | E22: =C22*(1+VLOOKUP(D22,'Taxas Serviços'!A:B,2,FALSE)) -> 1.3 | F22: 44551 | G22: 20 | H22: =G22*E22 -> 26
A23: Petiscos | B23: Amedoim Japonês Elma Chips 145G | C23: 4.49 | D23: Central | E23: =C23*(1+VLOOKUP(D23,'Taxas Serviços'!A:B,2,FALSE)) -> 4.49 | F23: 44551 | G23: 11 | H23: =G23*E23 -> 49.39
A24: Petiscos | B24: Amedoim Ovinho Elma Chips 65G | C24: 1.99 | D24: Central | E24: =C24*(1+VLOOKUP(D24,'Taxas Serviços'!A:B,2,FALSE)) -> 1.99 | F24: 44551 | G24: 10 | H24: =G24*E24 -> 19.9
A25: Destilado | B25: Cachaça 51 965ml | C25: 8.49 | D25: Central | E25: =C25*(1+VLOOKUP(D25,'Taxas Serviços'!A:B,2,FALSE)) -> 8.49 | F25: 44551 | G25: 2 | H25: =G25*E25 -> 16.98
A26: Marketing | B26: Amendoim Grelhaditos 26G | C26: 0.415 | D26: Central | E26: =C26*(1+VLOOKUP(D26,'Taxas Serviços'!A:B,2,FALSE)) -> 0.415 | F26: 44551 | G26: 60 | H26: =G26*E26 -> 24.9
A27: Limpeza | B27: Água Montenegro 92 | C27: 8.99 | D27: Central | E27: =C27*(1+VLOOKUP(D27,'Taxas Serviços'!A:B,2,FALSE)) -> 8.99 | F27: 44551 | G27: 2 | H27: =G27*E27 -> 17.98
... A39: Espumantes | B39: Chandon Passion demi-sec rosé | C39: 56.99 | D39: Extra | E39: =C39*(1+VLOOKUP(D39,'Taxas Serviços'!A:B,2,FALSE)) -> 58.6997 | F39: 44552 | G39: 2 | H39: =G39*E39 -> 117.3994

Sheet Pricing
F1: =AVERAGE(F3:F62) -> 1.9925486 | I1: =AVERAGE(I3:I62) -> 0.46635813
A2: Categoria | B2: Item | C2: Custo | D2: Taxa | E2: Fornecedor | F2: Markup | G2: Preço | H2: Taxa Ifood | I2: Margem | J2: Concorrente | K2: Menor Preço | L2: Markup Hipotética | M2: Margem Hipotética | N2: Comentário | O2: Status
A3: Petiscos | B3: Salame Italiano Seara 100G | C3: 6.95 | D3: =C3*(1+VLOOKUP(E3,'Taxas Serviços'!A:B,2,FALSE)) -> 7.645 | E3: Assaí | F3: =H3/D3 -> 2.3982995 | G3: 19 | H3: =G3*(1-3.5%) -> 18.335 | I3: =(H3-D3)/G3 -> 0.56263158 | J3: Não há | K3: 11.99 | L3: =K3/D3 -> 1.5683453 | M3: =(K3-D3)/K3 -> 0.36238532 | N3: Nenhum bar oferece, somente conveniência e mercado com entrega de 8,99 | O3: Em vantagem
A4: Petiscos | B4: Salamitos Sadia 36G | C4: 2 | D4: =C4*(1+VLOOKUP(E4,'Taxas Serviços'!A:B,2,FALSE)) -> 2 | E4: Mercadão | F4: =H4/D4 -> 2.4125 | G4: 5 | H4: =G4*(1-3.5%) -> 4.825 | I4: =(H4-D4)/G4 -> 0.565 | J4: Gelo Letícia | K4: 4.99 | L4: =K4/D4 -> 2.495 | M4: =(K4-D4)/K4 -> 0.5991984 | N4: Gelo Letícia cobra 22 reais de taxa e entrega de 80 a 90 minutos | O4: Em vantagem
A5: Petiscos | B5: Salgadinho Fandangos Presunto 140G | C5: 4.9933333 | D5: =C5*(1+VLOOKUP(E5,'Taxas Serviços'!A:B,2,FALSE)) -> 5.4926667 | E5: Atacadão | F5: =H5/D5 -> 1.7393191 | G5: 9.9 | H5: =G5*(1-3.5%) -> 9.5535 | I5: =(H5-D5)/G5 -> 0.41018519 | J5: Pitstop Steakhouse | K5: 9.99 | L5: =K5/D5 -> 1.8187887 | M5: =(K5-D5)/K5 -> 0.45018352 | N5: Pitstop com menor preço não atua no mesmo horário, taxa de 7,99, mercados oferecem a um preço pouco menor | O5: Em vantagem
A6: Petiscos | B6: Salgadinho Cheetos Onda Requeijão 140G | C6: 4.9933333 | D6: =C6*(1+VLOOKUP(E6,'Taxas Serviços'!A:B,2,FALSE)) -> 5.4926667 | E6: Atacadão | F6: =H6/D6 -> 1.7393191 | G6: 9.9 | H6: =G6*(1-3.5%) -> 9.5535 | I6: =(H6-D6)/G6 -> 0.41018519 | J6: Pitstop Steakhouse | K6: 9.99 | L6: =K6/D6 -> 1.8187887 | M6: =(K6-D6)/K6 -> 0.45018352 | N6: Pitstop com menor preço não atua no mesmo horário, taxa de 7,99, mercados oferecem a um preço bem menor | O6: Em vantagem
A7: Petiscos | B7: Salgadinho Doritos Queijo Nacho 140G | C7: 5.3266667 | D7: =C7*(1+VLOOKUP(E7,'Taxas Serviços'!A:B,2,FALSE)) -> 5.8593333 | E7: Atacadão | F7: =H7/D7 -> 1.9763341 | G7: 12 | H7: =G7*(1-3.5%) -> 11.58 | I7: =(H7-D7)/G7 -> 0.47672222 | J7: Gelo Letícia | K7: 13.99 | L7: =K7/D7 -> 2.3876436 | M7: =(K7-D7)/K7 -> 0.58117703 | N7: Gelo Letícia cobra 22 reais de taxa e entrega de 80 a 90 minutos | O7: Em vantagem
A8: Petiscos | B8: Salgadinho Baconzitos 140G | C8: 4.9933333 | D8: =C8*(1+VLOOKUP(E8,'Taxas Serviços'!A:B,2,FALSE)) -> 5.4926667 | E8: Atacadão | F8: =H8/D8 -> 1.7393191 | G8: 9.9 | H8: =G8*(1-3.5%) -> 9.5535 | I8: =(H8-D8)/G8 -> 0.41018519 | J8: Gelo Letícia | K8: 13.99 | L8: =K8/D8 -> 2.5470324 | M8: =(K8-D8)/K8 -> 0.60738623 | N8: Gelo Letícia cobra 22 reais de taxa e entrega de 80 a 90 minutos | O8: Em vantagem
A9: Petiscos | B9: Salgadinho Cebolitos Embalagem 140G | C9: 4.9933333 | D9: =C9*(1+VLOOKUP(E9,'Taxas Serviços'!A:B,2,FALSE)) -> 5.4926667 | E9: Atacadão | F9: =H9/D9 -> 1.7393191 | G9: 9.9 | H9: =G9*(1-3.5%) -> 9.5535 | I9: =(H9-D9)/G9 -> 0.41018519 | J9: Gelo Letícia | K9: 12.9 | L9: =K9/D9 -> 2.348586 | M9: =(K9-D9)/K9 -> 0.57421189 | N9: Gelo Letícia cobra 22 reais de taxa e entrega de 80 a 90 minutos | O9: Em vantagem
A10: Petiscos | B10: Batata Ruffles Original 115G | C10: 3.9866667 | D10: =C10*(1+VLOOKUP(E10,'Taxas Serviços'!A:B,2,FALSE)) -> 4.3853333 | E10: Atacadão | F10: =H10/D10 -> 2.1785117 | G10: 9.9 | H10: =G10*(1-3.5%) -> 9.5535 | I10: =(H10-D10)/G10 -> 0.52203704 | J10: Não há | K10: 13.99 | L10: =K10/D10 -> 3.1901794 | M10: =(K10-D10)/K10 -> 0.686538 | N10: Nenhum bar/conveniência oferece produto, somente mercados que não se aplicam a concorrência | O10: Em vantagem
A11: Petiscos | B11: Batata Ruffles Churrasco 115G | C11: 3.9866667 | D11: =C11*(1+VLOOKUP(E11,'Taxas Serviços'!A:B,2,FALSE)) -> 4.3853333 | E11: Atacadão | F11: =H11/D11 -> 2.1785117 | G11: 9.9 | H11: =G11*(1-3.5%) -> 9.5535 | I11: =(H11-D11)/G11 -> 0.52203704 | J11: Não há | K11: 13.99 | L11: =K11/D11 -> 3.1901794 | M11: =(K11-D11)/K11 -> 0.686538 | N11: Nenhum bar/conveniência oferece produto, somente mercados que não se aplicam a concorrência | O11: Em vantagem
A12: Petiscos | B12: Salgadinho Torcida Queijo 70G | C12: 1.375 | D12: =C12*(1+VLOOKUP(E12,'Taxas Serviços'!A:B,2,FALSE)) -> 1.375 | E12: Mercadão | F12: =H12/D12 -> 2.2809091 | G12: 3.25 | H12: =G12*(1-3.5%) -> 3.13625 | I12: =(H12-D12)/G12 -> 0.54192308 | J12: FB Drink | K12: 3.25 | L12: =K12/D12 -> 2.3636364 | M12: =(K12-D12)/K12 -> 0.57692308 | N12: Entrega 5 reais - Solução para preço competitivo redução do custo | O12: Em vantagem
A13: Petiscos | B13: Salgadinho Torcida Cebola 70G | C13: 1.375 | D13: =C13*(1+VLOOKUP(E13,'Taxas Serviços'!A:B,2,FALSE)) -> 1.375 | E13: Mercadão | F13: =H13/D13 -> 2.2809091 | G13: 3.25 | H13: =G13*(1-3.5%) -> 3.13625 | I13: =(H13-D13)/G13 -> 0.54192308 | J13: FB Drink | K13: 3.25 | L13: =K13/D13 -> 2.3636364 | M13: =(K13-D13)/K13 -> 0.57692308 | N13: Entrega 5 reais - Solução para preço competitivo redução do custo | O13: Em vantagem
A14: Petiscos | B14: Salgadinho Torcida Churrasco 70G | C14: 1.375 | D14: =C14*(1+VLOOKUP(E14,'Taxas Serviços'!A:B,2,FALSE)) -> 1.375 | E14: Mercadão | F14: =H14/D14 -> 2.2809091 | G14: 3.25 | H14: =G14*(1-3.5%) -> 3.13625 | I14: =(H14-D14)/G14 -> 0.54192308 | J14: FB Drink | K14: 3.25 | L14: =K14/D14 -> 2.3636364 | M14: =(K14-D14)/K14 -> 0.57692308 | N14: Entrega 5 reais - Solução para preço competitivo redução do custo | O14: Em vantagem
... A17: Petiscos | B17: Salgadinho Torcida Calabresa 70G | C17: 1.375 | D17: =C17*(1+VLOOKUP(E17,'Taxas Serviços'!A:B,2,FALSE)) -> 1.375 | E17: Mercadão | F17: =H17/D17 -> 2.2809091 | G17: 3.25 | H17: =G17*(1-3.5%) -> 3.13625 | I17: =(H17-D17)/G17 -> 0.54192308 | J17: FB Drink | K17: 3.25 | L17: =K17/D17 -> 2.3636364 | M17: =(K17-D17)/K17 -> 0.57692308 | N17: Entrega 5 reais - Solução para preço competitivo redução do custo | O17: Em vantagem
A18: Cervejas | B18: Cerveja Heineken 350Ml | C18: 3.3793333 | D18: =C18*(1+VLOOKUP(E18,'Taxas Serviços'!A:B,2,FALSE)) -> 3.4807133 | E18: Big | F18: =H18/D18 -> 1.2475891 | G18: 4.5 | H18: =G18*(1-3.5%) -> 4.3425 | I18: =(H18-D18)/G18 -> 0.19150815
A19: Cervejas | B19: Cerveja Heineken Zero Álcool 350Ml | C19: 3.67 | D19: =C19*(1+VLOOKUP(E19,'Taxas Serviços'!A:B,2,FALSE)) -> 3.7801 | E19: Prezunic | F19: =H19/D19 -> 1.9146319 | G19: 7.5 | H19: =G19*(1-3.5%) -> 7.2375 | I19: =(H19-D19)/G19 -> 0.46098667
A20: Cervejas | B20: Cerveja Stella Artois 350Ml | C20: 2.79 | D20: =C20*(1+VLOOKUP(E20,'Taxas Serviços'!A:B,2,FALSE)) -> 2.8737 | E20: Prezunic | F20: =H20/D20 -> 1.5111181 | G20: 4.5 | H20: =G20*(1-3.5%) -> 4.3425 | I20: =(H20-D20)/G20 -> 0.3264
A21: Cervejas | B21: Cerveja Budweiser 473Ml | C21: 2.4233333 | D21: =C21*(1+VLOOKUP(E21,'Taxas Serviços'!A:B,2,FALSE)) -> 2.4960333 | E21: Big | F21: =H21/D21 -> 1.9330671 | G21: 5 | H21: =G21*(1-3.5%) -> 4.825 | I21: =(H21-D21)/G21 -> 0.46579333
A22: Cervejas | B22: Cerveja Skol Puro Malte 473Ml | C22: 2.95 | D22: =C22*(1+VLOOKUP(E22,'Taxas Serviços'!A:B,2,FALSE)) -> 3.0385 | E22: Big | F22: =H22/D22 -> 1.4291591 | G22: 4.5 | H22: =G22*(1-3.5%) -> 4.3425 | I22: =(H22-D22)/G22 -> 0.28977778
A23: Cervejas | B23: Cerveja Brahma Duplo Malte 350Ml | C23: 2.39 | D23: =C23*(1+VLOOKUP(E23,'Taxas Serviços'!A:B,2,FALSE)) -> 2.4617 | E23: Big | F23: =H23/D23 -> 2.3520331 | G23: 6 | H23: =G23*(1-3.5%) -> 5.79 | I23: =(H23-D23)/G23 -> 0.55471667
A24: Cervejas | B24: Cerveja Antarctica 350Ml | C24: 2.58 | D24: =C24*(1+VLOOKUP(E24,'Taxas Serviços'!A:B,2,FALSE)) -> 2.6574 | E24: Big | F24: =H24/D24 -> 1.4525476 | G24: 4 | H24: =G24*(1-3.5%) -> 3.86 | I24: =(H24-D24)/G24 -> 0.30065
A25: Cervejas | B25: Cerveja Antarctica 473Ml | C25: 2.95 | D25: =C25*(1+VLOOKUP(E25,'Taxas Serviços'!A:B,2,FALSE)) -> 3.0385 | E25: Prezunic | F25: =H25/D25 -> 2.064341 | G25: 6.5 | H25: =G25*(1-3.5%) -> 6.2725 | I25: =(H25-D25)/G25 -> 0.49753846
A26: Cervejas | B26: Cerveja Bohemia 473Ml | C26: 3.11 | D26: =C26*(1+VLOOKUP(E26,'Taxas Serviços'!A:B,2,FALSE)) -> 3.2033 | E26: Prezunic | F26: =H26/D26 -> 1.9581369 | G26: 6.5 | H26: =G26*(1-3.5%) -> 6.2725 | I26: =(H26-D26)/G26 -> 0.47218462
A27: Cervejas | B27: Cerveja Itaipava 550Ml | C27: 3.29 | D27: =C27*(1+VLOOKUP(E27,'Taxas Serviços'!A:B,2,FALSE)) -> 3.619 | E27: Atacadão | F27: =H27/D27 -> 1.8665377 | G27: 7 | H27: =G27*(1-3.5%) -> 6.755 | I27: =(H27-D27)/G27 -> 0.448
A28: Refrigerantes | B28: Coca-Cola Garrafa 2L | C28: 5.15 | D28: =C28*(1+VLOOKUP(E28,'Taxas Serviços'!A:B,2,FALSE)) -> 5.3045 | E28: Prezunic | F28: =H28/D28 -> 1.9101706 | G28: 10.5 | H28: =G28*(1-3.5%) -> 10.1325 | I28: =(H28-D28)/G28 -> 0.45980952
A29: Refrigerantes | B29: Coca-Cola Lata 350Ml | C29: 2.4108333 | D29: =C29*(1+VLOOKUP(E29,'Taxas Serviços'!A:B,2,FALSE)) -> 2.4831583 | E29: Prezunic | F29: =H29/D29 -> 1.9430899 | G29: 5 | H29: =G29*(1-3.5%) -> 4.825 | I29: =(H29-D29)/G29 -> 0.46836833
... A62: Refrigerantes | B62: Refrigerante Sprite Lemon Fresh 1,5L | C62: 4.19 | D62: =C62*(1+VLOOKUP(E62,'Taxas Serviços'!A:B,2,FALSE)) -> 4.3157 | E62: Extra | F62: =H62/D62 -> 1.7888176 | G62: 8 | H62: =G62*(1-3.5%) -> 7.72 | I62: =(H62-D62)/G62 -> 0.4255375

Sheet Conversão Marketing
A1: Categoria | B1: Item | C1: Custo | D1: Fornecedor | E1: Taxa | F1: Data 1 | G1: Qtd | H1: Valor Estoque
A2: Marketing | B2: Amendoim Grelhaditos 26G | C2: 0.415 | D2: Central | E2: =C2*(1+VLOOKUP(D2,'Taxas Serviços'!A:B,2,FALSE)) -> 0.415 | F2: 44551 | G2: 60 | H2: =G2*E2 -> 24.9

Sheet Petiscos
E1: =AVERAGE(E3:E16) -> 2.2048052 | G1: =AVERAGE(G3:G16) -> 0.53619464 | H1: =SUM(H3:H17) -> 88 | I1: =SUM(I3:I17) -> 126 | J1: =SUM(J3:J17) -> 320
A2: Item | B2: Custo | C2: Taxa | D2: Fornecedor | E2: Markup | F2: Preço | G2: Margem | H2: Estoque | I2: Valor Estoque | J2: Valor Venda
A3: Salame Italiano Seara 100G | B3: 9.25 | C3: =B3*(1+VLOOKUP(D3,'Taxas Serviços'!A:B,2,FALSE)) -> 10.175 | D3: Assaí | E3: =F3/C3 -> 1.8673219 | F3: 19 | G3: =(F3-C3)/F3 -> 0.46447368 | H3: 0 | I3: 0 | J3: =H3*F3 -> 0
A4: Salamitos Sadia 36G | B4: 2 | C4: =B4*(1+VLOOKUP(D4,'Taxas Serviços'!A:B,2,FALSE)) -> 2 | D4: Mercadão | E4: =F4/C4 -> 2.5 | F4: 5 | G4: =(F4-C4)/F4 -> 0.6 | H4: 8 | I4: =H4*C4 -> 16 | J4: =H4*F4 -> 40
A5: Salgadinho Fandangos Presunto 140G | B5: 4.9933333 | C5: =B5*(1+VLOOKUP(D5,'Taxas Serviços'!A:B,2,FALSE)) -> 5.4926667 | D5: Atacadão | E5: =F5/C5 -> 1.8024032 | F5: 9.9 | G5: =(F5-C5)/F5 -> 0.44518519 | H5: 0 | I5: 0 | J5: =H5*F5 -> 0
A6: Salgadinho Cheetos Onda Requeijão 140G | B6: 4.9933333 | C6: =B6*(1+VLOOKUP(D6,'Taxas Serviços'!A:B,2,FALSE)) -> 5.4926667 | D6: Atacadão | E6: =F6/C6 -> 1.8024032 | F6: 9.9 | G6: =(F6-C6)/F6 -> 0.44518519 | H6: 0 | I6: 0 | J6: =H6*F6 -> 0
A7: Salgadinho Doritos Queijo Nacho 140G | B7: 5.3266667 | C7: =B7*(1+VLOOKUP(D7,'Taxas Serviços'!A:B,2,FALSE)) -> 5.8593333 | D7: Atacadão | E7: =F7/C7 -> 2.0480146 | F7: 12 | G7: =(F7-C7)/F7 -> 0.51172222 | H7: 0 | I7: 0 | J7: =H7*F7 -> 0
A8: Salgadinho Baconzitos 140G | B8: 4.9933333 | C8: =B8*(1+VLOOKUP(D8,'Taxas Serviços'!A:B,2,FALSE)) -> 5.4926667 | D8: Atacadão | E8: =F8/C8 -> 1.8024032 | F8: 9.9 | G8: =(F8-C8)/F8 -> 0.44518519 | H8: 0 | I8: 0 | J8: =H8*F8 -> 0
A9: Salgadinho Cebolitos Embalagem 140G | B9: 4.9933333 | C9: =B9*(1+VLOOKUP(D9,'Taxas Serviços'!A:B,2,FALSE)) -> 5.4926667 | D9: Atacadão | E9: =F9/C9 -> 1.8024032 | F9: 9.9 | G9: =(F9-C9)/F9 -> 0.44518519 | H9: 0 | I9: 0 | J9: =H9*F9 -> 0
A10: Batata Ruffles Original 115G | B10: 3.9866667 | C10: =B10*(1+VLOOKUP(D10,'Taxas Serviços'!A:B,2,FALSE)) -> 4.3853333 | D10: Atacadão | E10: =F10/C10 -> 2.2575251 | F10: 9.9 | G10: =(F10-C10)/F10 -> 0.55703704 | H10: 0 | I10: 0 | J10: =H10*F10 -> 0
A11: Batata Ruffles Churrasco 115G | B11: 3.9866667 | C11: =B11*(1+VLOOKUP(D11,'Taxas Serviços'!A:B,2,FALSE)) -> 4.3853333 | D11: Atacadão | E11: =F11/C11 -> 2.2575251 | F11: 9.9 | G11: =(F11-C11)/F11 -> 0.55703704 | H11: 0 | I11: 0 | J11: =H11*F11 -> 0
A12: Salgadinho Torcida Queijo 70G | B12: 1.375 | C12: =B12*(1+VLOOKUP(D12,'Taxas Serviços'!A:B,2,FALSE)) -> 1.375 | D12: Mercadão | E12: =F12/C12 -> 2.5454545 | F12: 3.5 | G12: =(F12-C12)/F12 -> 0.60714286 | H12: 20 | I12: =H12*C12 -> 27.5 | J12: =H12*F12 -> 70
A13: Salgadinho Torcida Cebola 70G | B13: 1.375 | C13: =B13*(1+VLOOKUP(D13,'Taxas Serviços'!A:B,2,FALSE)) -> 1.375 | D13: Mercadão | E13: =F13/C13 -> 2.5454545 | F13: 3.5 | G13: =(F13-C13)/F13 -> 0.60714286 | H13: 20 | I13: =H13*C13 -> 27.5 | J13: =H13*F13 -> 70
A14: Salgadinho Torcida Churrasco 70G | B14: 1.375 | C14: =B14*(1+VLOOKUP(D14,'Taxas Serviços'!A:B,2,FALSE)) -> 1.375 | D14: Mercadão | E14: =F14/C14 -> 2.5454545 | F14: 3.5 | G14: =(F14-C14)/F14 -> 0.60714286 | H14: 0 | I14: 0 | J14: =H14*F14 -> 0
A15: Salgadinho Torcida Bacon 70G | B15: 1.375 | C15: =B15*(1+VLOOKUP(D15,'Taxas Serviços'!A:B,2,FALSE)) -> 1.375 | D15: Mercadão | E15: =F15/C15 -> 2.5454545 | F15: 3.5 | G15: =(F15-C15)/F15 -> 0.60714286 | H15: 20 | I15: =H15*C15 -> 27.5 | J15: =H15*F15 -> 70
A16: Salgadinho Torcida Pizza 70G | B16: 1.375 | C16: =B16*(1+VLOOKUP(D16,'Taxas Serviços'!A:B,2,FALSE)) -> 1.375 | D16: Mercadão | E16: =F16/C16 -> 2.5454545 | F16: 3.5 | G16: =(F16-C16)/F16 -> 0.60714286 | H16: 0 | I16: 0 | J16: =H16*F16 -> 0
A17: Salgadinho Torcida Calabresa 70G | B17: 1.375 | C17: =B17*(1+VLOOKUP(D17,'Taxas Serviços'!A:B,2,FALSE)) -> 1.375 | D17: Mercadão | E17: =F17/C17 -> 2.5454545 | F17: 3.5 | G17: =(F17-C17)/F17 -> 0.60714286 | H17: 20 | I17: =H17*C17 -> 27.5 | J17: =H17*F17 -> 70

Sheet Cervejas
E1: =AVERAGE(E3:E11) -> 2.0852476 | G1: =AVERAGE(G3:G11) -> 0.51871202 | H1: =SUM(H3:H12) -> 141 | I1: =SUM(I3:I12) -> 459.9259 | J1: =SUM(J3:J12) -> 983.5
A2: Item | B2: Custo | C2: Taxa Serviço | D2: Fornecedor | E2: Markup | F2: Preço | H2: Estoque | I2: Valor Estoque | J2: Valor Venda
A3: Cerveja Heineken 350Ml | B3: 3.72 | C3: =B3*1.03 -> 3.8316 | D3: Big | E3: =F3/C3 -> 1.9574068 | F3: 7.5 | G3: =(F3-C3)/F3 -> 0.48912 | H3: 30 | I3: =H3*C3 -> 114.948 | J3: =H3*F3 -> 225
A4: Cerveja Heineken Zero Álcool 350Ml | B4: =VLOOKUP(A4,Pricing!B:C,2,FALSE) -> 3.67 | C4: =B4*1.03 -> 3.7801 | D4: =VLOOKUP($A$3,Pricing!B:E,4,FALSE) -> Big | E4: =F4/C4 -> 1.9840745 | F4: 7.5 | G4: =(F4-C4)/F4 -> 0.49598667 | H4: 0 | I4: =H4*C4 -> 0 | J4: =H4*F4 -> 0
A5: Cerveja Stella Artois 350Ml | B5: 3.39 | C5: =B5*1.03 -> 3.4917 | D5: =VLOOKUP($A$3,Pricing!B:E,4,FALSE) -> Big | E5: =F5/C5 -> 2.1479509 | F5: 7.5 | G5: =(F5-C5)/F5 -> 0.53444 | H5: 25 | I5: =H5*C5 -> 87.2925 | J5: =H5*F5 -> 187.5
A6: Cerveja Budweiser 473Ml | B6: 3.15 | C6: =B6*1.03 -> 3.2445 | D6: Big | E6: =F6/C6 -> 2.3116043 | F6: 7.5 | G6: =(F6-C6)/F6 -> 0.5674 | H6: 30 | I6: =H6*C6 -> 97.335 | J6: =H6*F6 -> 225
A7: Cerveja Skol Puro Malte 473Ml | B7: 3.14 | C7: =B7*1.03 -> 3.2342 | D7: Big | E7: =F7/C7 -> 2.0097706 | F7: 6.5 | G7: =(F7-C7)/F7 -> 0.50243077 | H7: 20 | I7: =H7*C7 -> 64.684 | J7: =H7*F7 -> 130
A8: Cerveja Brahma Duplo Malte 350Ml | B8: 2.8 | C8: =B8*1.03 -> 2.884 | D8: Big | E8: =F8/C8 -> 2.2538141 | F8: 6.5 | G8: =(F8-C8)/F8 -> 0.55630769 | H8: 0 | I8: =H8*C8 -> 0 | J8: =H8*F8 -> 0
A9: Cerveja Antarctica 473Ml | B9: =VLOOKUP(A9,Pricing!B:C,2,FALSE) -> 2.95 | C9: =B9*1.03 -> 3.0385 | D9: =VLOOKUP($A$3,Pricing!B:E,4,FALSE) -> Big | E9: =F9/C9 -> 2.1392134 | F9: 6.5 | G9: =(F9-C9)/F9 -> 0.53253846 | H9: 0 | I9: =H9*C9 -> 0 | J9: =H9*F9 -> 0
A10: Cerveja Bohemia 473Ml | B10: =VLOOKUP(A10,Pricing!B:C,2,FALSE) -> 3.11 | C10: =B10*1.03 -> 3.2033 | D10: =VLOOKUP($A$3,Pricing!B:E,4,FALSE) -> Big | E10: =F10/C10 -> 2.0291574 | F10: 6.5 | G10: =(F10-C10)/F10 -> 0.50718462 | H10: 0 | I10: =H10*C10 -> 0 | J10: =H10*F10 -> 0
A11: Cerveja Itaipava 550Ml | B11: =VLOOKUP(A11,Pricing!B:C,2,FALSE) -> 3.29 | C11: =B11*1.1 -> 3.619 | D11: Atacadão | E11: =F11/C11 -> 1.934236 | F11: 7 | G11: =(F11-C11)/F11 -> 0.483 | H11: 0 | I11: =H11*C11 -> 0 | J11: =H11*F11 -> 0
A12: Cerveja Antarctica 350Ml | B12: =VLOOKUP(A12,Pricing!B:C,2,FALSE) -> 2.58 | C12: =B12*(1+VLOOKUP(D12,'Taxas Serviços'!A:B,2,FALSE)) -> 2.6574 | D12: Big | E12: =F12/C12 -> 2.257846 | F12: 6 | G12: =(F12-C12)/F12 -> 0.5571 | H12: 36 | I12: =H12*C12 -> 95.6664 | J12: =H12*F12 -> 216

Sheet Refrigerantes
E1: =AVERAGE(E3:E13) -> 2.1819441 | G1: =AVERAGE(G3:G13) -> 0.53516024
A2: Item | B2: Custo | C2: Taxa Serviço | D2: Fornecedor | E2: Markup | F2: Preço | G2: Margem
A3: Coca-Cola Garrafa 2L | B3: 5.15 | C3: =B3*1.03 -> 5.3045 | D3: Prezunic | E3: =F3/C3 -> 1.9794514 | F3: 10.5 | G3: =(F3-C3)/F3 -> 0.49480952
A4: Coca-Cola Lata 350Ml | B4: 2.4108333 | C4: =B4*1.03 -> 2.4831583 | D4: Prezunic | E4: =F4/C4 -> 2.0135647 | F4: 5 | G4: =(F4-C4)/F4 -> 0.50336833
A5: Pepsi Pet 2Litros | B5: 4.67 | C5: =B5*1.03 -> 4.8101 | D5: Extra | E5: =F5/C5 -> 2.1829068 | F5: 10.5 | G5: =(F5-C5)/F5 -> 0.54189524
A6: Refrigerante Pepsi 350 Ml | B6: 2.03 | C6: =B6*1.03 -> 2.0909 | D6: Extra | E6: =F6/C6 -> 2.3913147 | F6: 5 | G6: =(F6-C6)/F6 -> 0.58182
A7: Refrigerante Antarctica Guaraná 2L | B7: 5.59 | C7: =B7*1.03 -> 5.7577 | D7: Prezunic | E7: =F7/C7 -> 1.8236449 | F7: 10.5 | G7: =(F7-C7)/F7 -> 0.45164762
A8: Refrigerante Guaraná Antartica Lata 350Ml | B8: 1.83 | C8: =B8*1.1 -> 2.013 | D8: Assaí | E8: =F8/C8 -> 2.4838549 | F8: 5 | G8: =(F8-C8)/F8 -> 0.5974
A9: Refrigerante Fanta Laranja 2L | B9: 4.09 | C9: =B9*1.1 -> 4.499 | D9: Atacadão | E9: =F9/C9 -> 2.333852 | F9: 10.5 | G9: =(F9-C9)/F9 -> 0.57152381
A10: Fanta Laranja 350Ml | B10: 1.79 | C10: =B10*1.1 -> 1.969 | D10: Atacadão | E10: =F10/C10 -> 2.5393601 | F10: 5 | G10: =(F10-C10)/F10 -> 0.6062
A11: Refrigerante Sprite Limão 2L | B11: 5.69 | C11: =B11*1.03 -> 5.8607 | D11: Big | E11: =F11/C11 -> 1.7915949 | F11: 10.5 | G11: =(F11-C11)/F11 -> 0.4418381
A12: Refrigerante Sprite Lata | B12: 2.39 | C12: =B12*1.03 -> 2.4617 | D12: Big | E12: =F12/C12 -> 2.0311167 | F12: 5 | G12: =(F12-C12)/F12 -> 0.50766
A13: Água Tônica Schweppes Lata | B13: 1.87 | C13: =B13*1.1 -> 2.057 | D13: Atacadão | E13: =F13/C13 -> 2.4307244 | F13: 5 | G13: =(F13-C13)/F13 -> 0.5886
J20: =SUM(N21:N22) -> 443.5
J21: 110 | N21: 69.75
J22: =SUM(J20:J21) -> 553.5 | N22: 373.75
O23: 11.21 | P23: =O23/N22 -> 0.029993311
N24: =J20*0.03 -> 13.305

Sheet Águas
E1: =AVERAGE(E3:E13) -> 2.2108474 | G1: =AVERAGE(G3:G13) -> 0.53157222
A2: Item | B2: Custo | C2: Taxa Serviço | D2: Fornecedor | E2: Markup | F2: Preço | G2: Margem
A3: Água de Coco Ducoco 1L | B3: 5.99 | C3: =B3*1.1 -> 6.589 | D3: Atacadão | E3: =F3/C3 -> 1.6694491 | F3: 11 | G3: =(F3-C3)/F3 -> 0.401
A4: Água de Coco Ducoco 300Ml | B4: 1.59 | C4: =B4*1.1 -> 1.749 | D4: Atacadão | E4: =F4/C4 -> 2.5728988 | F4: 4.5 | G4: =(F4-C4)/F4 -> 0.61133333
A5: Água Mineral com Gás Minalba 1,5L | B5: 2.29 | C5: =B5*1.1 -> 2.519 | D5: Assaí | E5: =F5/C5 -> 1.9849146 | F5: 5 | G5: =(F5-C5)/F5 -> 0.4962
A6: Água Mineral sem Gás Minalba Garrafa 1,5L | B6: 1.67 | C6: =B6*1.03 -> 1.7201 | D6: Big | E6: =F6/C6 -> 2.616127 | F6: 4.5 | G6: =(F6-C6)/F6 -> 0.61775556

Sheet Sucos
E1: =AVERAGE(E3:E11) -> 2.1137669 | G1: =AVERAGE(G3:G11) -> 0.50870909
A2: Item | B2: Custo | C2: Taxa Serviço | D2: Fornecedor | E2: Markup | F2: Preço | G2: Margem
A3: Suco Del Valle Laranja 1L | B3: 6.3 | C3: =B3*1.1 -> 6.93 | D3: Assaí | E3: =F3/C3 -> 1.7316017 | F3: 12 | G3: =(F3-C3)/F3 -> 0.4225
A4: Suco Del Valle Laranja 200Ml - Kapo | B4: 1.02 | C4: =B4*1.1 -> 1.122 | D4: Atacadão | E4: =F4/C4 -> 2.6737968 | F4: 3 | G4: =(F4-C4)/F4 -> 0.626
A5: Suco Del Valle Uva Tp 1LL | B5: 6.3 | C5: =B5*1.1 -> 6.93 | D5: Assaí | E5: =F5/C5 -> 1.7316017 | F5: 12 | G5: =(F5-C5)/F5 -> 0.4225
A6: Suco de Uva Del Valle 200Ml - Kapo | B6: 1.02 | C6: =B6*1.1 -> 1.122 | D6: Atacadão | E6: =F6/C6 -> 2.6737968 | F6: 3 | G6: =(F6-C6)/F6 -> 0.626
A7: Suco Del Valle Manga 1L | B7: 6.3 | C7: =B7*1.1 -> 6.93 | D7: Assaí | E7: =F7/C7 -> 1.7316017 | F7: 12 | G7: =(F7-C7)/F7 -> 0.4225
A8: Suco de Maracujá Maguary 1L | B8: 4.99 | C8: =B8*1.03 -> 5.1397 | D8: Carrefour | E8: =F8/C8 -> 2.1402027 | F8: 11 | G8: =(F8-C8)/F8 -> 0.53275455

Sheet Energéticos
E1: =AVERAGE(E3:E11) -> 1.9130688 | G1: =AVERAGE(G3:G11) -> 0.45203056
A2: Item | B2: Custo | C2: Taxa Serviço | D2: Fornecedor | E2: Markup | F2: Preço | G2: Margem
A3: Energético Monster 473ml | B3: 5.99 | C3: =B3*1.1 -> 6.589 | D3: Atacadão | E3: =F3/C3 -> 1.8212172 | F3: 12 | G3: =(F3-C3)/F3 -> 0.45091667
A4: Energético Monster Mango Loco 473ml | B4: 7.59 | C4: =B4*1.03 -> 7.8177 | D4: Big | E4: =F4/C4 -> 1.5349783 | F4: 12 | G4: =(F4-C4)/F4 -> 0.348525
A5: Energético Monster Khaos Juice 473ml | B5: 7.29 | C5: =B5*1.03 -> 7.5087 | D5: Extra | E5: =F5/C5 -> 1.5981462 | F5: 12 | G5: =(F5-C5)/F5 -> 0.374275
A6: Energético Monster Dragon Ice 473ml | B6: 7.29 | C6: =B6*1.03 -> 7.5087 | D6: Prezunic | E6: =F6/C6 -> 1.5981462 | F6: 12 | G6: =(F6-C6)/F6 -> 0.374275
A7: Energético Fusion Garrafa 1l | B7: 5.69 | C7: =B7*1.03 -> 5.8607 | D7: Carrefour | E7: =F7/C7 -> 2.047537 | F7: 12 | G7: =(F7-C7)/F7 -> 0.51160833
A8: Energético Minotauro Energy Drink - 2 Litros | B8: 3.79 | C8: =B8*1.1 -> 4.169 | D8: Assaí | E8: =F8/C8 -> 2.8783881 | F8: 12 | G8: =(F8-C8)/F8 -> 0.65258333

Sheet Destilados
E1: =AVERAGE(E3:E11) -> 1.9444384 | G1: =AVERAGE(G3:G11) -> 0.48553576
A2: Item | B2: Custo | C2: Taxa Serviço | D2: Fornecedor | E2: Markup | F2: Preço | G2: Margem
A3: Cachaça 51 965ml | B3: 9.6 | C3: =B3*1.1 -> 10.56 | D3: Assaí | E3: =F3/C3 -> 1.8939394 | F3: 20 | G3: =(F3-C3)/F3 -> 0.472
A4: Vodka Smirnoff Red Original 998ml | B4: 29.52 | C4: =B4*1.03 -> 30.4056 | D4: Prezunic | E4: =F4/C4 -> 1.9733207 | F4: 60 | G4: =(F4-C4)/F4 -> 0.49324
A5: Gin Gordon's 700ml | B5: 54.32 | C5: =B5*1.03 -> 55.9496 | D5: Prezunic | E5: =F5/C5 -> 1.9660552 | F5: 110 | G5: =(F5-C5)/F5 -> 0.49136727

Sheet Taxas Serviços
A1: Fornecedor | B1: Taxa
A2: Assaí | B2: 0.1
A3: Atacadão | B3: 0.1
A4: Prezunic | B4: 0.03
A5: Extra | B5: 0.03
A6: Big | B6: 0.03
A7: Carrefour | B7: 0.03
A8: Mercadão | B8: 0
A9: Central | B9: 0
